 Dungeon Crawl Stone Soup version 0.28-a0-1199-gef9e1dbd39 (webtiles) character file.

Game seed: 6258159302215524715

1236 pokeman the Thaumaturge (level 8, 0/44 HPs)
             Began as a Deep Elf Hedge Wizard on Dec 19, 2021.
             Slain by a scorpion (4 damage)
             ... on level 6 of the Dungeon.
             The game lasted 00:11:59 (6343 turns).

pokeman the Thaumaturge (Deep Elf Hedge Wizard)     Turns: 6343, Time: 00:11:59

Health: 0/44       AC:  4    Str:  7    XL:     8   Next: 24%
Magic:  6/23       EV: 12    Int: 22    God:
Gold:   0          SH:  0    Dex: 14    Spells: 14/25 levels left

rFire   + + +      SeeInvis .   u - +5 morningstar of the Lesser Evil {vorpal, rF++ rN+}
rCold   . . .      Faith    .   (no shield)
rNeg    + . .      Spirit   .   p - +0 leather armour {rF+}
rPois   +          Reflect  .   h - +0 helmet
rElec   .          Harm     .   (no cloak)
rCorr   .          Rampage  .   (no gloves)
Will    .....                   (no boots)
Stlth   ++........              (no amulet)
HPRegen 0.14/turn               o - ring of poison resistance
MPRegen 0.18/turn               i - ring of protection from fire

@: no status effects
A: no striking features
a: no special abilities


You were on level 6 of the Dungeon.
You visited 1 branch of the dungeon, and saw 6 of its levels.

You collected 234 gold pieces.
You spent 234 gold pieces at shops.

Inventory:

Hand Weapons
 e - a +0 shortbow
 f - a +1 short sword of electrocution
 l - a +0 arbalest
 u - the +5 morningstar of the Lesser Evil (weapon) {vorpal, rF++ rN+}
   (You bought it in a shop on level 3 of the Dungeon)

   It inflicts extra damage upon your enemies.
   rF:        It greatly protects you from fire.
   rN:        It protects you from negative energy.
Missiles
 d - 69 arrows
Armour
 h - a +0 helmet (worn)
 k - a +0 buckler
 p - a +0 leather armour of fire resistance (worn)
Jewellery
 i - a ring of protection from fire (right hand)
 o - a ring of poison resistance (left hand)
Wands
 t - a wand of iceblast (3)
Scrolls
 a - 2 scrolls of enchant weapon {unknown}
 g - 2 scrolls of teleportation {unknown}
 j - 3 scrolls of blinking {unknown}
 m - 2 scrolls of vulnerability {unknown}
 n - a scroll of brand weapon {unknown}
 r - 4 scrolls of identify {unknown}
 s - a scroll of acquirement {unknown}
Potions
 b - 2 potions of flight {unknown}
 c - a potion of heal wounds {unknown}
 q - a potion of might {unknown}


   Skills:
 - Level 2.0 Fighting
 - Level 2.0 Armour
 - Level 3.0 Dodging
 - Level 3.2 Stealth
 + Level 1.0 Shields
 * Level 9.3 Spellcasting
 + Level 4.9 Conjurations
 - Level 1.1 Summonings
 - Level 1.1 Translocations
 + Level 3.3 Fire Magic
 - Level 1.2 Air Magic
 - Level 1.0 Poison Magic
 + Level 0.4 Evocations


You had 14 spell levels left.
You knew the following spells:

 Your Spells              Type           Power      Damage    Failure   Level
a - Magic Dart            Conj           100%       1d8       1%          1
b - Mephitic Cloud        Conj/Pois/Air  20%        N/A       11%         3
c - Call Imp              Summ           15%        N/A       9%          2
d - Blink                 Tloc           30%        N/A       9%          2
e - Conjure Flame         Conj/Fire      28%        6-21      5%          3

Your spell library contained the following spells:

 Spells                   Type           Power      Damage    Failure   Level
 Slow                     Hex            40%        N/A       10%         1
 Lesser Beckoning         Tloc           15%        N/A       19%         3
 Manifold Assault         Tloc           15%        N/A       86%         5


Dungeon Overview and Level Annotations

Branches:
Dungeon (6/15)
 Temple: D:4-7

Altars:
Fedhas
Kikubaaqudgha

Shops:
D:3 (

Annotations:
D:6 Menkaure


Message History

Aim: an orc warrior, wielding a +0 war axe and wearing a +0 plate armour (chance to affect: 81%)
The ball explodes into a vile cloud!
The stinking cloud engulfs the orc warrior but does no damage.
The stinking cloud engulfs the scorpion but does no damage.
You hear a shout!
You hear an angry hiss.
The gnoll seems less confused.
An orc comes into view. It is wielding a +0 trident.
The scorpion is engulfed in noxious fumes.
The scorpion appears confused.
The orc warrior is engulfed in noxious fumes.
The orc warrior appears confused.
Unknown command.
Unknown command.
Casting: Mephitic Cloud (dangerous; 11% risk of failure)
Confirm with . or Enter, or press ? or * to list all spells.
Aiming: Mephitic Cloud (dangerous; 11% risk of failure)
Press: ? - help, Shift-Dir - straight line, f - gnoll, p - orc warrior
Aim: a gnoll, wielding a +2 spear of distortion (heavily wounded, chance to affect: 91%)
The ball explodes into a vile cloud!
The stinking cloud engulfs the gnoll but does no damage.
The gnoll is heavily wounded.
You hear an angry hiss.
The gnoll is engulfed in noxious fumes.
The gnoll appears confused.
The orc warrior is engulfed in noxious fumes.
Unknown command.
Unknown command.
Found 11 gold pieces.
An adder comes into view.
The scorpion seems less confused.
The gnoll barely misses the scorpion.
The gnoll barely misses itself.
Things that are here:
a +0 club; a gnoll corpse An adder comes into view.
An adder comes into view.
There is a stone staircase leading up here.
The adder hisses angrily.
The adder bites you.
* * * LOW HITPOINT WARNING * * *
The scorpion stings you.
You die...

.. ..........Z## .
............ # #.
#.#.......
..##.##.#..##.#
#.....#.......#
#.o........## ####
#....####...# #....
#o.#.# ##.S.##..#
#.s..###.s@....#
##.#.###..#S.#..##
###....#..o###)....#
#.........sg...##..#
#.....#(S.....>#
....
#..............# ...
#..............# ..
#....[.........# #
#.................


You could see a scorpion, 3 adders and an orc.

Vanquished Creatures
  A black bear (D:4)
  An orc warrior (D:5)
  2 phantoms (D:5)
  2 scorpions
  A wyvern zombie (D:6)
  A water moccasin skeleton (D:4)
  A howler monkey (D:5)
  A centaur zombie (D:5)
  3 hounds
  3 jellies
  3 orc priests (D:5)
  3 iguanas
  4 orc wizards
  A howler monkey zombie (D:4)
  2 gnolls (D:6)
  4 adders
  A white imp (D:6)
  A worm (D:3)
  4 dart slugs
  13 orcs
  8 bats
  An endoplasm (D:2)
  4 giant cockroaches
  3 hobgoblins
  5 quokkas
  5 ball pythons
  4 frilled lizards
  3 goblins
  10 kobolds
  A quokka skeleton (D:4)
  3 rats
99 creatures vanquished.

Vanquished Creatures (collateral kills)
  An orc (D:4)
  A kobold (D:4)
2 creatures vanquished.

Grand Total: 101 creatures vanquished

Notes
Turn   | Place    | Note
-------+----------+-------------------------------------------
     0 | D:1      | pokeman the Deep Elf Hedge Wizard began the quest for the
                  | Orb.
     0 | D:1      | Reached XP level 1. HP: 10/10 MP: 7/7
   336 | D:1      | Reached XP level 2. HP: 16/16 MP: 1/9
  1225 | D:2      | Reached skill level 5 in Spellcasting
  1225 | D:2      | Reached XP level 3. HP: 11/20 MP: 3/11
  1229 | D:2      | Learned a level 3 spell: Mephitic Cloud
  1232 | D:2      | Learned a level 2 spell: Call Imp
  1235 | D:2      | Learned a level 2 spell: Blink
  1239 | D:2      | Learned a level 3 spell: Conjure Flame
  2033 | D:2      | Reached skill level 1 in Fighting
  2251 | D:3      | Reached skill level 1 in Armour
  2552 | D:3      | Found Ipecacsi's Antique Weapon Boutique.
  2583 | D:3      | Reached XP level 4. HP: 25/25 MP: 4/13
  3310 | D:3      | Noticed a scorpion
  3693 | D:3      | Killed a scorpion
  3694 | D:3      | Reached skill level 6 in Spellcasting
  3694 | D:3      | Reached skill level 1 in Fire Magic
  3694 | D:3      | Reached XP level 5. HP: 21/29 MP: 4/15
  3960 | D:4      | Reached skill level 1 in Air Magic
  4261 | D:4      | Reached skill level 1 in Shields
  4261 | D:4      | Reached XP level 6. HP: 31/34 MP: 11/17
  4568 | D:4      | Reached skill level 7 in Spellcasting
  4568 | D:4      | Reached skill level 1 in Poison Magic
  5097 | D:4      | Reached XP level 7. HP: 32/38 MP: 11/20
  5178 | D:5      | Entered Level 5 of the Dungeon
  5220 | D:5      | Reached skill level 8 in Spellcasting
  5393 | D:5      | Found a blossoming altar of Fedhas.
  5501 | D:5      | Found an ancient bone altar of Kikubaaqudgha.
  5814 | D:5      | Reached XP level 8. HP: 44/44 MP: 13/22
  5828 | D:5      | Reached skill level 9 in Spellcasting
  6244 | D:3      | Bought a scorched morningstar for 234 gold pieces
  6244 | D:3      | Identified the +5 morningstar of the Lesser Evil {vorpal,
                  | rF++ rN+} (You bought it in a shop on level 3 of the
                  | Dungeon)
  6322 | D:6      | Noticed Menkaure
  6343 | D:6      | Slain by a scorpion

Illustrated notes

Levels and vault maps discovered:
D:1:      wander_arrival_desolate, layout_basic
D:2:      layout_basic
D:3:      layout_basic, serial_shops, shop, minmay_pentomino_pile
D:4:      layout_basic
D:5:      layout_basic, fedhas_altar_1, kiku_gazebo_pond_becter
D:6:      layout_rooms, lightli_corner_chamber, uniq_pikel, uniq_maggie,
          uniq_menkaure, uniq_crazy_yiuf_cottage

Skill      XL: |  1  2  3  4  5  6  7  8 |
---------------+-------------------------+-----
Spellcasting   | 5 6 7 8 9 |  9.3
Fighting       | 1 2 |  2.0
Conjurations   | 2 3 4 |  4.9
Armour         | 1 2 |  2.0
Dodging        | 3 |  3.0
Fire Magic     | 1 2 3 |  3.3
Air Magic      | 1 |  1.2
Shields        | 1 |  1.0
Poison Magic   | 1 |  1.0
Stealth        | 3 |  3.2
Summonings     | |  1.1
Translocations | |  1.1
Evocations     | |  0.4

Action                   |  1- 3 |  4- 6 |  7- 9 || total
-------------------------+-------+-------+-------++-------
Melee: Short sword       |     1 |    44 |    16 ||    61
       Mace              |     1 |       |       ||     1
 Cast: Magic Dart        |   107 |    78 |    49 ||   234
       Mephitic Cloud    |       |     7 |    11 ||    18
       Call Imp          |       |     4 |       ||     4
       Conjure Flame     |       |     7 |     6 ||    13
 Stab: Sleeping          |       |     2 |       ||     2
       Confused          |       |     3 |     1 ||     4
Armor: Robe              |     1 |       |       ||     1
       Leather armour    |     8 |    14 |     2 ||    24
Dodge: Dodged            |    18 |    40 |    19 ||    77

Table legend: (Time is in decaauts)
 A = Elapsed time spent in this place.
 B = Non-inter-level travel time spent in this place.
 C = Inter-level travel time spent in this place.
 D = Time resting spent in this place.
 E = Time spent auto-exploring this place.
 F = Levels seen in this place.
 G = Mean time per level.
                   A        B        C        D        E       F      G
               +--------+--------+--------+--------+--------+-----+--------+
         Total |   6348 |   6098 |    250 |    618 |   4635 |   6 | 1058.0 |
       Dungeon |   6348 |   6098 |    250 |    618 |   4635 |   6 | 1058.0 |
               +--------+--------+--------+--------+--------+-----+--------+

Top non-repeatable levels by time:
     D:3: 1905 daAuts
     D:1: 1164 daAuts
     D:4: 1111 daAuts
     D:2: 1067 daAuts
     D:5: 1052 daAuts
     D:6: 46 daAuts
